 Dungeon Crawl Stone Soup version 0.22-a0-772-gac08f70 (webtiles) character file.

147 tilp the Chiller (level 5, -6/35 HPs)
             Began as a Merfolk Ice Elementalist on July 17, 2018.
             Mangled by a mummy (10 damage)
             ... in an ossuary.
             The game lasted 00:08:57 (3364 turns).

tilp the Chiller (Merfolk Ice Elementalist)         Turns: 3364, Time: 00:08:58

Health: -6/35      AC:  4    Str:  6 (8)  XL:     5   Next: 29%
Magic:  0/8        EV: 18    Int: 13 (16) God:
Gold:   117        SH:  0    Dex: 17 (19) Spells: 2/8 levels left

rFire    . . .     SeeInvis .   s - +1 spear
rCold    . . .     Gourm    .   (no shield)
rNeg     . . .     Faith    .   a - +1 robe
rPois    .         Spirit   .   l - +0 helmet
rElec    .         Reflect  .   (no cloak)
rCorr    .         Harm     .   (no gloves)
MR       .....                  (no boots)
Stlth    +++.......             (no amulet)
HPRegen  0.11/turn              (no ring)
MPRegen  0.11/turn              (no ring)

@: agile
A: change form in water, swift swim, stealthy swim
a: no special abilities


You were in an ossuary.
You were not hungry.

You visited 1 branch of the dungeon, and saw 4 of its levels.
You also visited: Ossuary.

You collected 117 gold pieces.

Inventory:

Hand Weapons
 d - a +0 dagger
 s - a +1 spear (weapon)
Missiles
 f - 121 stones (quivered)
Armour
 a - a +1 robe (worn)
 l - a +0 helmet (worn)
Jewellery
 j - an uncursed ring of resist corrosion {unknown}
Scrolls
 e - a scroll of immolation
 i - a scroll of fear
 k - 3 scrolls of teleportation
 m - a scroll of remove curse
 t - a scroll of enchant weapon
Potions
 b - 2 potions of mutation
Comestibles
 c - 7 rations


   Skills:
 + Level 2.0 Polearms
 - Level 2.6 Dodging
 - Level 2.1 Stealth
 - Level 2.0 Spellcasting
 - Level 0.7 Conjurations
 * Level 6.1 Ice Magic


You had 2 spell levels left.
You knew the following spells:

 Your Spells              Type           Power        Failure   Level  Hunger
a - Freeze                Ice            ###.         1%          1    ##.....
b - Throw Frost           Conj/Ice       ##....       10%         2    ###....
c - Ozocubu's Armour      Chrm/Ice       #.......     22%         3    ####...

Your spell library contained the following spells:

 Spells                   Type           Power        Failure   Level  Hunger
 Summon Ice Beast         Ice/Summ       #.......     58%         4    #####..
 Throw Icicle             Conj/Ice       ##......     52%         4    #####..


Dungeon Overview and Level Annotations

Branches:
Dungeon (4/15)
 Temple: D:4-7

Altars:
Ashenzari
Fedhas
Hepliaklqana
Sif Muna


Message History

The mummy is severely damaged.
The mummy hits you but does no damage.
You hit the mummy.
The mummy is almost destroyed.
You hit the mummy.
You destroy the mummy!
Your Polearms skill increases to level 2!
You feel less wooden.
Your +0 helmet unmelds from your body.
Your +1 robe unmelds from your body.
Casting: Freeze (safe; 1% risk of failure)
Confirm with . or Enter, or press ? or * to list all spells.
Aiming: Freeze (safe; 1% risk of failure)
Press: ? - help, Shift-Dir - straight line, f - mummy
Aim: a mummy You freeze the mummy.
The mummy resists.
The mummy is lightly damaged.
You hit the mummy.
The mummy is moderately damaged.
The mummy hits you!
You die...

#.....
+.....+
#.....#
+.....+
#.....#
+.....+
#.....###
+....ZM@#
##...^.###
#.......#
#.....M.#
#...∩M..#
#....^..#
#...∩...#
#.......#
#.......#


You could see a mummy and a centaur zombie.

Vanquished Creatures
  3 mummies (Ossuary)
  3 adders
  An ooze (D:1)
  2 worms
  2 dart slugs
  3 leopard geckos
  6 bats
  5 giant cockroaches
  8 goblins
  5 hobgoblins
  7 jackals (D:2)
  A quokka (D:2)
  6 frilled lizards
  A hobgoblin zombie (Ossuary)
  4 kobolds
  11 rats
68 creatures vanquished.

Notes
Turn   | Place    | Note
-------+----------+-------------------------------------------
     0 | D:1      | tilp the Merfolk Ice Elementalist began the quest for the Orb.
     0 | D:1      | Reached XP level 1. HP: 13/13 MP: 3/3
   224 | D:1      | Reached skill level 4 in Ice Magic
   224 | D:1      | Reached XP level 2. HP: 18/19 MP: 0/5
   381 | D:1      | Learned a level 2 spell: Throw Frost
  1186 | D:2      | Reached XP level 3. HP: 24/24 MP: 4/6
  1210 | D:2      | Learned a level 3 spell: Ozocubu's Armour
  1674 | D:2      | Reached skill level 5 in Ice Magic
  1953 | D:2      | Reached XP level 4. HP: 30/30 MP: 1/7
  2372 | D:2      | Found a deep blue altar of Sif Muna.
  2495 | D:3      | Found a blossoming altar of Fedhas.
  2765 | D:3      | Found a hazy altar of Hepliaklqana.
  2872 | D:3      | Found a shattered altar of Ashenzari.
  2927 | D:3      | Reached skill level 1 in Polearms
  3290 | D:4      | Found a sand-covered staircase.
  3294 | Ossuary  | Entered an ossuary
  3325 | Ossuary  | Reached skill level 6 in Ice Magic
  3325 | Ossuary  | Reached XP level 5. HP: 15/35 MP: 0/8
  3364 | Ossuary  | Mangled by a mummy

Vault maps used:
D:1:      noname_arrival_rooms_in_the_neighbourhood
D:2:      led_sif_pool
D:3:      fedhas_altar_fruit_tree, ashenzari_conservatory_becter,
          lemuel_crystal_altar
D:4:      chequers_temple_overflow_statue_of_worship, enter_ossuary_5,
          kennysheep_nub
Ossuary:  ossuary_the_hunt_dpeg

Skill      XL: |  1  2  3  4  5 |
---------------+----------------+-----
Ice Magic      | 4 5 6 |  6.1
Polearms       | 1 2 |  2.0
Dodging        | |  2.6
Stealth        | |  2.1
Spellcasting   | |  2.0
Conjurations   | |  0.7

Action                   |  1- 3 |  4- 6 || total
-------------------------+-------+-------++-------
Melee: Dagger            |    49 |    37 ||    86
       Spear             |       |    22 ||    22
Throw: Stone             |     1 |     1 ||     2
 Cast: Freeze            |    48 |    45 ||    93
       Throw Frost       |     5 |     2 ||     7
       Ozocubu's Armour  |       |     1 ||     1
  Use: Scroll            |     1 |     9 ||    10
       Potion            |       |     4 ||     4
 Stab: Sleeping          |     6 |     1 ||     7
  Eat: Chunk             |     4 |     6 ||    10
Armor: Robe              |    18 |    10 ||    28
       Skin              |       |    11 ||    11
Dodge: Dodged            |    49 |    34 ||    83

Table legend:
 A = Spawn XP
 B = Non-spawn XP
 C = Spawn XP percentage of total XP
 D = Spawn monster count
 E = Non-spawn monster count
 F = Spawn count percentage of total count
 G = Total turns spent on level
                    A         B        C        D         E        F      G
               +---------+---------+-------+---------+---------+-------+---------
         Total |       0 |     210 |   0.0 |       0 |      68 |   0.0 |  3364
               +---------+---------+-------+---------+---------+-------+---------
           D:1 |       0 |      32 |   0.0 |       0 |      15 |   0.0 |  1282
           D:2 |       0 |      92 |   0.0 |       0 |      36 |   0.0 |  1125
           D:3 |       0 |      34 |   0.0 |       0 |      13 |   0.0 |   878
       Ossuary |       0 |      52 |   0.0 |       0 |       4 |   0.0 |    70
               +---------+---------+-------+---------+---------+-------+---------
